 Dungeon Crawl Stone Soup version 0.22.1-1-ga44c0e5 (webtiles) character file.

128 Fang the Skirmisher (level 5, -2/34 HPs)
             Began as a Gargoyle Berserker on Sept 20, 2018.
             Was a Believer of Trog.
             Killed from afar by an orc wizard (8 damage)
             ... with a puff of flame
             ... on level 3 of the Dungeon.
             The game lasted 00:01:51 (2305 turns).

Fang the Skirmisher (Gargoyle Berserker)            Turns: 2305, Time: 00:01:51

Health: -2/34      AC:  6    Str: 22    XL:     5   Next: 11%
Magic:  5/5        EV: 12    Int:  7    God:    Trog [**....]
Gold:   150        SH:  0    Dex:  9    Spells: 4/4 levels left

rFire    . . .     SeeInvis .   a - +0 hand axe
rCold    . . .     Gourm    .   (no shield)
rNeg     + . .     Faith    .   b - +0 animal skin
rPois    ∞         Spirit   .   (no helmet)
rElec    +         Reflect  .   (no cloak)
rCorr    .         Harm     .   (no gloves)
MR       ++...                  (no boots)
Stlth    +.........             (no amulet)
HPRegen  1.11/turn              (no ring)
MPRegen  0.09/turn              (no ring)

@: berserk cooldown, starving, regenerating, slowed, very slow
A: negative energy resistance 1, electricity resistance, unbreathing,
petrification resistance, rot immunity, AC +4
a: Berserk, Trog's Hand, Renounce Religion


You were on level 3 of the Dungeon.
You worshipped Trog.
Trog was pleased with you.
You were starving.

You visited 1 branch of the dungeon, and saw 3 of its levels.

You collected 150 gold pieces.

Inventory:

Hand Weapons
 a - a +0 hand axe (weapon)
Armour
 b - a +0 animal skin (worn)
Jewellery
 l - a +4 ring of dexterity {unknown}
 q - a cursed -2 ring of intelligence {unknown}
Scrolls
 d - 4 scrolls of remove curse {unknown}
 g - a scroll of fog {unknown}
 h - 4 scrolls of identify {unknown}
 i - 2 scrolls of noise {unknown}
 k - 2 scrolls of fear {unknown}
 m - a scroll of amnesia {unknown}
 o - a scroll of immolation {unknown}
 p - a scroll of teleportation {unknown}
Potions
 e - 2 potions of heal wounds {unknown}
 f - 2 potions of curing {unknown}
 j - a potion of might {unknown}
 n - a potion of cancellation {unknown}
Comestibles
 c - 4 rations


   Skills:
 + Level 4.5 Fighting
 + Level 3.8 Axes
 + Level 2.3 Armour
 + Level 2.2 Dodging
 + Level 0.7 Stealth


You had 4 spell levels left.
You didn't know any spells.
Your spell library was empty.

Dungeon Overview and Level Annotations

Branches:
Dungeon (3/15)

Altars:
Hepliaklqana


Innate Abilities, Weirdness & Mutations

You are resistant to torment.
Your stone body is resilient. (AC +4)
You are immune to poison.
You resist negative energy. (rN+)
You are resistant to electric shocks. (rElec)
You can survive without breathing.
You are immune to petrification.
You are immune to rotting.


Message History

The orc wizard hits you with a dagger.
* * * LOW HITPOINT WARNING * * *
The orc wizard closely misses you. The orc wizard barely misses you.
Unknown command.
You closely miss the orc wizard.
The orc wizard is heavily wounded.
The orc wizard barely misses you.
The orc wizard hits you but does no damage.
Unknown command.
Okay, then.
Your skin crawls.
You feel resistant to hostile enchantments.
You are starving!
The orc wizard closely misses you. The orc wizard hits you with a dagger.
* * * LOW HITPOINT WARNING * * *
You barely miss the orc wizard.
The orc wizard is heavily wounded.
The orc wizard gestures at you while chanting.
The puff of flame hits you!
You die...

.#####.....# .##
###.########
..######>........
..#........#####
....######.# ..#.#
#.# .##.# #.# .#
#.########.#.# ..
#).)...@o...># ...
........[....##...#
############.# .#
#:# #.# ..# .## #


You could see an orc wizard.

Vanquished Creatures
  Jessica (D:3)
  4 adders (D:2)
  2 oozes (D:2)
  A dart slug (D:1)
  3 leopard geckos
  3 orcs (D:3)
  A giant cockroach (D:2)
  3 goblins (D:3)
  5 hobgoblins
  2 jackals (D:2)
  6 kobolds
  A ball python (D:1)
  9 bats
  4 frilled lizards
  8 rats
53 creatures vanquished.

Notes
Turn   | Place    | Note
-------+----------+-------------------------------------------
     0 | D:1      | Fang the Gargoyle Berserker began the quest for the Orb.
     0 | D:1      | Reached XP level 1. HP: 14/14 MP: 1/1
   145 | D:1      | Reached XP level 2. HP: 16/19 MP: 2/2
  1026 | D:2      | Reached XP level 3. HP: 24/24 MP: 3/3
  1030 | D:2      | Reached skill level 4 in Fighting
  1127 | D:2      | Reached ** piety under Trog
  1167 | D:2      | Found a hazy altar of Hepliaklqana.
  1438 | D:2      | Reached XP level 4. HP: 27/29 MP: 4/4
  2260 | D:3      | Noticed Jessica
  2270 | D:3      | Killed Jessica
  2270 | D:3      | Reached XP level 5. HP: 34/34 MP: 5/5
  2305 | D:3      | Killed from afar by an orc wizard

Skill      XL: |  1  2  3 |
---------------+----------+-----
Axes           | 3 |  3.8
Fighting       | 4 |  4.5
Dodging        | 2 |  2.2
Armour         | |  2.3
Stealth        | |  0.7

Action                   |  1- 3 |  4- 6 || total
-------------------------+-------+-------++-------
Melee: Hand axe          |    96 |   122 ||   218
Invok: Berserk           |       |     1 ||     1
       Trog's Hand       |       |     2 ||     2
 Stab: Sleeping          |       |     2 ||     2
  Eat: Chunk             |     1 |     3 ||     4
Armor: Animal skin       |    31 |    47 ||    78
Dodge: Dodged            |    73 |    87 ||   160
